 Dungeon Crawl Stone Soup version 0.30-a0-737-gf23d94013f (webtiles) character file.

Game seed: 9621500012226058709

912 Newt the Cutter (level 7, -4/56 HPs)
             Began as a Demonspawn Gladiator on Feb 2, 2023.
             Was an Initiate of Makhleb.
             Killed by nerve-wracking pain
             ... invoked by Menkaure
              (11 damage)
             ... on level 4 of the Dungeon.
             The game lasted 00:05:23 (3725 turns).

Newt the Cutter (Demonspawn Gladiator)              Turns: 3725, Time: 00:05:24

Health: -4/56      AC: 12    Str: 12 (16) XL:     7   Next: 82%
Magic:  7/7        EV: 12    Int: 10      God:    Makhleb [......]
Gold:   217        SH:  0    Dex: 14      Spells: 6/6 levels left

rFire   . . .      SeeInvis .    a - +1 rapier (protect)
rCold   . . .      Faith    +    (no shield)
rNeg    . . .      Spirit   .    b - +0 leather armour
rPois   .          Reflect  .    c - +0 helmet
rElec   .          Harm     .    (no cloak)
rCorr   .          Rampage  .    (no gloves)
Will    .....                    (no boots)
Stlth   ++                       e - amulet of faith
HPRegen 0.29/turn                (no ring)
MPRegen 0.20/turn                (no ring)

@: under a protective aura, very slow
A: magic regeneration, sharp scales 1, weakness stinger 1
a: Renounce Religion


You were on level 4 of the Dungeon.
You worshipped Makhleb.
Makhleb was noncommittal.
You visited 2 branches of the dungeon, and saw 7 of its levels.

You collected 256 gold pieces.
You spent 39 gold pieces at shops.

Inventory:

Hand Weapons
 a - a +1 rapier of protection (weapon)
Missiles
 d - 2 throwing nets (quivered)
 k - 6 poisoned darts
 m - 3 atropa-tipped darts
 o - 3 javelins
Armour
 b - a +0 leather armour (worn)
 c - a +0 helmet (worn)
Jewellery
 e - an amulet of faith (around neck)
 f - a ring of ice
 i - an amulet of regeneration
Scrolls
 h - 2 scrolls of teleportation
Potions
 g - a potion of flight {unknown}
 j - a potion of haste
 l - 2 potions of curing
 n - a potion of invisibility {unknown}
 p - a potion of mutation {unknown}
 q - a potion of degeneration {unknown}


   Skills:
 - Level 5.0 Fighting
 + Level 6.3 Short Blades
 - Level 4.0 Throwing
 - Level 2.6 Dodging
 - Level 1.5 Stealth


You had 6 spell levels left.
You didn't know any spells.
Your spell library contained the following spells:

 Spells                   Type           Power      Damage    Failure   Level
 Necrotise                Necr           0%         1d4       43%         1


Dungeon Overview and Level Annotations

Branches:
Dungeon (6/15)             Temple (1/1) D:5

Altars:
Ashenzari
Cheibriados
Fedhas
Kikubaaqudgha
Makhleb
Nemelex Xobeh
Okawaru
Qazlal
Ru
Sif Muna
Trog
Uskayaw
Xom

Shops:
D:5 [![=

Annotations:
D:4 Menkaure


Innate Abilities, Weirdness & Mutations

You regenerate magic rapidly.
You are partially covered in razor-sharp scales. (AC +1, Slay +1)
You have a small tail.


Message History

You throw a javelin. The javelin pierces through Menkaure!
Menkaure is moderately damaged.
You hit Menkaure.
Your weapon exudes an aura of protection.
You tail-slap Menkaure.
Menkaure is severely damaged.
Menkaure closely misses you.
You hit Menkaure. You tail-slap Menkaure.
Menkaure is severely damaged.
You hit Menkaure.
Menkaure is severely damaged.
Menkaure mumbles some strange words.
Menkaure seems to speed up.
You hear a shout!
You barely miss Menkaure.
Your tail-slap misses Menkaure.
Menkaure is severely damaged.
Menkaure casts a spell at you. Pain shoots through your body!
You hit Menkaure. You tail-slap Menkaure.
Menkaure is almost destroyed.
A goblin comes into view. It is wielding a +0 dagger.
Menkaure hits you!
You barely miss Menkaure.
Menkaure is almost destroyed.
Menkaure hits you!
A goblin comes into view. It is wielding a +0 club.
The goblin shouts!
You hit Menkaure.
Menkaure is almost destroyed.
Menkaure hits you!
* * * LOW HITPOINT WARNING * * *
Throw: 3 throwing nets
Press: ? - help, Q - select action, (/) - cycle Shift-Dir - straight line, f/p - Menkaure
Aim: Menkaure (almost destroyed, fast, 77% to hit)
You throw a throwing net.
The throwing net barely misses Menkaure.
The throwing net hits the goblin.
The goblin is caught in the net!
Menkaure casts a spell at you. Pain shoots through your body!
You die...

...... ......
......########
(............###
...$...........
.............###
................
.....gM@......##
......##........
..... #>.....##
..g. #.#####..
... #.# .. #.# .
#.# #.# #..


You could see Menkaure (fast) and 2 goblins.

Vanquished Creatures
  An ice beast (D:5)
  3 black bears (D:5)
  2 ogres (D:5)
  A phantom (D:5)
  2 hounds (D:5)
  A gnoll bouda (D:5)
  An orc wizard (D:6)
  9 gnolls
  4 adders
  An ufetubus (D:5)
  3 worms
  2 dart slugs (D:1)
  3 orcs
  4 bats
  7 endoplasms
  A giant cockroach (D:2)
  6 goblins
  2 hobgoblins
  5 jackals
  2 quokkas
  7 ball pythons
  6 kobolds
  4 rats
  A bush (D:1)
78 creatures vanquished.

Vanquished Creatures (others)
  2 fungi (D:1)
  3 plants (D:1)
5 creatures vanquished.

Grand Total: 83 creatures vanquished

Notes
Turn   | Place    | Note
-------+----------+-------------------------------------------
     0 | D:1      | Newt the Demonspawn Gladiator began the quest for the Orb.
     0 | D:1      | Reached XP level 1. HP: 16/16 MP: 1/1
    54 | D:1      | Reached skill level 1 in Stealth
   278 | D:1      | Gained mutation: You have a small tail. [demonic ancestry]
   278 | D:1      | Reached XP level 2. HP: 22/22 MP: 2/2
   644 | D:1      | Found a faded altar of an unknown god.
   655 | D:1      | Got Plato's Elucidation of Resurrection
   936 | D:1      | Prayed at the altar of an unknown god.
   936 | D:1      | Became a worshipper of Cheibriados the Contemplative
   936 | D:1      | Reached * piety under Cheibriados
   981 | D:1      | Gained mutation: You are partially covered in razor-sharp
                  | scales. (AC +1, Slay +1) [demonic ancestry]
   981 | D:1      | Reached XP level 3. HP: 29/29 MP: 3/3
  1610 | D:2      | Reached XP level 4. HP: 32/37 MP: 4/4
  2252 | D:3      | You fall into a shaft and drop 3 floors!
  2372 | D:5      | Entered Level 5 of the Dungeon
  2413 | D:5      | Noticed an ice beast
  2417 | D:5      | Reached ** piety under Cheibriados
  2420 | D:5      | Found a staircase to the Ecumenical Temple.
  2445 | D:5      | Killed an ice beast
  2446 | D:5      | Reached skill level 5 in Fighting
  2446 | D:5      | Reached skill level 3 in Short Blades
  2446 | D:5      | Reached XP level 5. HP: 36/44 MP: 5/5
  2448 | Temple   | Entered the Ecumenical Temple
  2510 | Temple   | Fell from the grace of Cheibriados
  2510 | Temple   | Became a worshipper of Makhleb the Destroyer
  2563 | D:5      | Noticed an ogre
  2563 | D:5      | Noticed a phantom
  2584 | D:5      | Killed an ogre
  2585 | D:5      | Reached skill level 4 in Short Blades
  2585 | D:5      | Reached XP level 6. HP: 51/51 MP: 6/6
  2656 | D:5      | Reached skill level 5 in Short Blades
  2940 | D:5      | Gained mutation: You regenerate magic rapidly. [demonic
                  | ancestry]
  2940 | D:5      | Reached XP level 7. HP: 49/56 MP: 7/7
  2993 | D:5      | Found Ceoh's Antique Armour Shop.
  3168 | D:5      | Found Caxku's Armour Emporium.
  3214 | D:5      | Found Paadil's Jewellery Emporium.
  3326 | D:5      | Found Xonus's Distillery.
  3335 | D:5      | Bought a potion of curing for 39 gold pieces
  3403 | D:5      | Reached skill level 6 in Short Blades
  3715 | D:4      | Noticed Menkaure
  3725 | D:4      | Killed from afar by Menkaure

Illustrated notes

Levels and vault maps discovered:
D:1:      dpeg_arrival_tiny_i, layout_rooms, serial_forest,
          infiniplex_forest_clump_tiny, infiniplex_forest_clump_curved,
          infiniplex_forest_end_2, infiniplex_forest_clump_small,
          infiniplex_forest_lined_room_, infiniplex_forest_clump_double,
          infiniplex_forest_zigzag_2, shapermc_ecumenical_altar_rom_forum,
          minmay_tromino_v7
D:2:      layout_basic
D:3:      layout_basic
D:4:      layout_basic, general_overflow_altar, minmay_fractal_squares_5,
          uniq_menkaure, uniq_eustachio
D:5:      cheibrodos_iron_armory, layout_loops_ring,
          minmay_temple_entry_mini_moons, serial_shops, shop,
          nicolae_shop_crystal, nicolae_lakefront_shop,
          nicolae_shop_hallway_plus
D:6:      layout_loops_cross, nicolae_tso_swordbearing_angel,
          minmay_overflow_temple_star_hex, old_standard_altar, dk_noncrumbling_4
Temple:   zaba_magenta_temple

Skill      XL: |  1  2  3  4  5  6  7 |
---------------+----------------------+-----
Stealth        | 1 |  1.5
Fighting       | 3 4 5 |  5.0
Short Blades   | 3 4 5 6 |  6.3
Throwing       | 3 4 |  4.0
Dodging        | |  2.6

Action                     |  1- 3 |  4- 6 |  7- 9 || total
---------------------------+-------+-------+-------++-------
  Melee: Rapier            |   210 |    99 |    72 ||   381
         Tailslap          |    32 |    18 |    12 ||    62
         Punch             |     2 |     2 |     2 ||     6
  Throw: Javelin           |     2 |     1 |     2 ||     5
         Throwing net      |       |     1 |     1 ||     2
         Dart              |       |       |     2 ||     2
    Use: Scroll            |     4 |     4 |     1 ||     9
         Potion            |     1 |     1 |       ||     2
   Stab: Sleeping          |     2 |     3 |     1 ||     6
 Armour: Leather armour    |    40 |    43 |    42 ||   125
  Dodge: Dodged            |    72 |    64 |    50 ||   186

Table legend: (Time is in decaauts)
 A = Elapsed time spent in this place.
 B = Non-inter-level travel time spent in this place.
 C = Inter-level travel time spent in this place.
 D = Time resting spent in this place.
 E = Time spent auto-exploring this place.
 F = Levels seen in this place.
 G = Mean time per level.
                   A        B        C        D        E       F      G
               +--------+--------+--------+--------+--------+-----+--------+
         Total |   4556 |   4125 |    431 |    710 |   2608 |   7 |  650.9 |
       Dungeon |   4444 |   4037 |    407 |    710 |   2530 |   6 |  740.7 |
        Temple |    112 |     88 |     24 |      0 |     77 |   1 |  112.0 |
               +--------+--------+--------+--------+--------+-----+--------+

Top non-repeatable levels by time:
     D:1: 1522 daAuts
     D:5: 1478 daAuts
     D:2: 1065 daAuts
     D:6: 272 daAuts
  Temple: 112 daAuts
     D:3: 94 daAuts
     D:4: 11 daAuts
